 Dungeon Crawl Stone Soup version 0.16-a0-3159-ge6ac362 (webtiles) character file.

1752 Raitaki the Martial Artist (level 8, 0/63 HPs)
             Began as a Salamander Monk on July 14, 2015.
             Was a Believer of Cheibriados.
             Slain by a gnoll
             ... wielding a +0 halberd
              (4 damage)
             ... on level 5 of the Dungeon.
             The game lasted 00:15:21 (3732 turns).

Raitaki the Martial Artist (Salamander Monk)        Turns: 3732, Time: 00:15:21

Health: 0/63       AC:  9    Str: 17    XL:     8   Next: 78%
Magic:  9/22       EV: 14    Int: 15    God:    Cheibriados [**....]
Gold:   187        SH:  0    Dex: 23    Spells: 0 memorised, 7 levels left

rFire  + . .     SeeInvis .       - Unarmed
rCold  x . .     Clarity  .     n - +0 ring mail
rNeg   . . .     SustAb   .     (no shield)
rPois  .         Gourm    .     (no helmet)
rElec  .         Spirit   .     k - +1 cloak {MR+}
rCorr  .         Warding  .     (no gloves)
rMut   .         Stasis   .     (no barding)
MR     +++..                    (no amulet)
Stlth  ++........               (no ring)
                                h - ring of protection from magic

@: very slow, extremely resistant to hostile enchantments, unstealthy
A: fiery attack, fire resistance 1, slowness 2, tough skin 2, cold vulnerability
1
a: Bend Time, Renounce Religion


You were on level 5 of the Dungeon.
You worshipped Cheibriados.
Cheibriados was pleased with you.
You were not hungry.

You visited 2 branches of the dungeon, and saw 6 of its levels.

You collected 187 gold pieces.

Inventory:

Armour
 k - a +1 cloak of magic resistance (worn)
 n - a +0 ring mail (worn)
Jewellery
 h - a ring of protection from magic (left hand)
Magical devices
 i - a wand of fireball (0)
 r - a wand of fire (0)
Scrolls
 a - a scroll of teleportation {unknown}
 d - 7 scrolls of identify
 e - a scroll of magic mapping {unknown}
 f - 4 scrolls of remove curse
 g - a scroll of enchant weapon {unknown}
 l - a scroll of blinking {unknown}
 o - a scroll of noise {unknown}
Potions
 c - 2 potions of brilliance
 p - a potion of restore abilities
 q - a potion of mutation {unknown}
 t - a potion of might {unknown}
Comestibles
 b - 3 bread rations
 j - a fruit
 s - 7 chunks of flesh
 u - a meat ration


   Skills:
 - Level 3.2 Fighting
 - Level 2.4 Armour
 - Level 4.0 Dodging
 - Level 2.1 Stealth
 + Level 12.0 Unarmed Combat
 - Level 9.2 Invocations


You had 7 spell levels left.
You didn't know any spells.

Dungeon Overview and Level Annotations

Branches:
Dungeon (5/15)             Temple (1/1) D:4

Altars:
Cheibriados
Dithmenos
Elyvilon
Fedhas
Gozag
Kikubaaqudgha
Makhleb
Nemelex Xobeh
Qazlal
Sif Muna
Trog
Vehumet
Xom
Yredelemnul
The Shining One


Innate Abilities, Weirdness & Mutations

Your melee attacks set your foes ablaze.
You cannot wear boots.
Your flesh is heat resistant.
You cover ground very slowly.
You have very tough skin (AC +2).
You are vulnerable to cold.


Message History

The gnoll misses you.
The gnoll sergeant hits you with an enchanted trident.
Read which item? (? for menu, Esc to quit)
Okay, then.
You hit the gnoll sergeant. You burn the gnoll sergeant.
The gnoll sergeant is lightly wounded.
The gnoll hits you but does no damage. The gnoll completely misses you.
The gnoll hits you from afar with a halberd!
* * * LOW HITPOINT WARNING * * *
Drink which item? (? for menu, Esc to quit)
It was a potion of experience.
You feel more experienced!
Your Unarmed Combat skill gained 4 levels and is now at level 12!
Your Invocations skill gained 9 levels and is now at level 9!
You have reached level 8!
You feel stronger. The gnoll sergeant barely misses you.
The gnoll closely misses you.
The gnoll hits you from afar with a spear.
* * * LOW HITPOINT WARNING * * *
The gnoll hits you from afar with a halberd.
You die...

#......##.........
#................. . ...
.................. ##. ...
#......##.........###.. ..#
.......##..........##.###.###
#....).##..........##.##....#
####.#.#...#######.##.##...g#
.###.#).......####g#..##....#
................@ggg........#
.#.#....#.....####gg........#
##....##....### #.#.###....#
#..)..##..#.# #.#.##.....#
..))...#..#)# #...##.....#
..........#.# #..###....>#
.[.)....#.#.## #........###
#.......#.#..## ##.......#
.......#..##..#####.......#


You could see a gnoll sergeant and 5 gnolls.

Vanquished Creatures
  The ghost of pyrostar991 the Slasher, an average SaBe of Trog (D:4)
  An ice beast (D:5)
  Sigmund (D:4)
  2 scorpions
  A crimson imp (D:5)
  3 orc priests
  A hound (D:4)
  A worker ant (D:4)
  Ijyb (D:5)
  4 gnolls (D:3)
  2 adders (D:2)
  2 giant mites (D:3)
  6 worms
  An adder zombie (D:2)
  An adder skeleton (D:2)
  2 giant geckos (D:2)
  2 oozes (D:1)
  13 orcs
  A bat zombie (D:2)
  7 giant cockroaches
  8 hobgoblins
  A quokka (D:3)
  10 bats
  A giant cockroach zombie (D:2)
  A giant gecko skeleton (D:2)
  5 giant newts
  6 goblins
  3 jackals (D:2)
  9 kobolds
  9 rats
106 creatures vanquished.

Notes
Turn   | Place    | Note
--------------------------------------------------------------
     0 | D:1      | Raitaki, the Salamander Monk, began the quest for the Orb.
     0 | D:1      | Reached XP level 1. HP: 19/19 MP: 1/1
   170 | D:1      | Reached XP level 2. HP: 23/26 MP: 3/3
   888 | D:2      | Reached skill level 5 in Unarmed Combat
   888 | D:2      | Reached XP level 3. HP: 28/31 MP: 4/4
  1459 | D:2      | Reached XP level 4. HP: 35/38 MP: 5/5
  1788 | D:3      | Found a shimmering altar of Xom.
  1829 | D:3      | Reached skill level 6 in Unarmed Combat
  1868 | D:3      | Found a sparkling altar of Nemelex Xobeh.
  1948 | D:3      | Reached XP level 5. HP: 37/45 MP: 7/7
  1984 | D:3      | Found a white marble altar of Elyvilon.
  2255 | D:3      | Found a shimmering altar of Xom.
  2288 | D:3      | Found a shimmering altar of Xom.
  2288 | D:3      | Found a shimmering altar of Xom.
  2298 | D:3      | You fall through a shaft!
  2308 | D:4      | Reached skill level 1 in Armour
  2459 | D:3      | Reached XP level 6. HP: 11/51 MP: 8/8
  2865 | D:4      | Found a staircase to the Ecumenical Temple.
  2865 | D:4      | Noticed Sigmund
  2926 | D:4      | Killed Sigmund
  2944 | Temple   | Entered the Ecumenical Temple
  2971 | Temple   | Became a worshipper of Cheibriados the Contemplative
  3058 | D:4      | Noticed pyrostar991's ghost (average SaBe)
  3093 | D:4      | Killed pyrostar991's ghost
  3093 | D:4      | Reached skill level 7 in Unarmed Combat
  3093 | D:4      | Gained mutation: Your flesh is heat resistant. [salamander growth]
  3093 | D:4      | Reached XP level 7. HP: 11/57 MP: 9/9
  3373 | D:4      | Found an opulent altar of Gozag.
  3426 | D:5      | Entered Level 5 of the Dungeon
  3433 | D:5      | Noticed Ijyb
  3448 | D:5      | Killed Ijyb
  3448 | D:5      | Reached skill level 8 in Unarmed Combat
  3732 | D:5      | Reached skill level 12 in Unarmed Combat
  3732 | D:5      | Reached XP level 8. HP: 8/63 MP: 9/22
  3732 | D:5      | Slain by a gnoll

Action                   |  1- 3 |  4- 6 |  7- 9 || total
-------------------------+-------+-------+-------++-------
Melee: Unarmed           |   123 |   224 |    49 ||   396
Evoke: Wand              |       |     4 |       ||     4
  Use: Scroll            |     2 |       |     2 ||     4
       Potion            |       |     7 |     2 ||     9
 Stab: Sleeping          |     4 |     3 |       ||     7
       Distracted        |       |       |     1 ||     1
  Eat: Chunk             |     1 |     5 |     2 ||     8
       Fruit             |       |     1 |       ||     1
